 Dungeon Crawl Stone Soup version 0.21.1-1-g345015f (webtiles) character file.

41015 ninurtach the Basher (level 13, -8/119 HPs)
             Began as a Minotaur Berserker on Mar 6, 2018.
             Was a High Priest of Trog.
             Mangled by a slime creature (10 damage)
             ... on level 14 of the Dungeon on Apr 2, 2018.
             The game lasted 00:53:47 (22349 turns).

ninurtach the Basher (Minotaur Berserker)          Turns: 22349, Time: 00:53:48

Health: -8/119     AC: 27    Str: 29    XL:     13   Next: 77%
Magic:  12/12      EV: 15    Int:  4    God:    Trog [*****.]
Gold:   1132       SH:  8    Dex: 15    Spells: 12/12 levels left

rFire    + + .     SeeInvis +   T - +8 lance "Wyrmbane" {slay drac, rPois rF+ rC+ AC+3}
rCold    + + .     Gourm    +   J - +0 shield
rNeg     + . .     Faith    .   Y - +4 plate armour "Ogiupsick" {Str+5}
rPois    +         Spirit   .   B - +1 hat
rElec    .         Reflect  .   W - +2 cloak {rPois}
rCorr    .         Harm     .   z - +0 pair of gloves
MR       ++...                  Q - +0 pair of boots
Stlth    ..........             O - amulet "Kujab" {Gourm rF+ rC+ rN+ SInv}
HPRegen  1.29/turn              q - +4 ring of evasion
MPRegen  0.13/turn              t - +2 ring of protection

@: regenerating
A: retaliatory headbutt, hooves 1, horns 2, thin skeletal structure 1, deformed
body, poison resistance
a: Berserk, Trog's Hand, Brothers in Arms, Burn Spellbooks, Renounce Religion


You were on level 14 of the Dungeon.
You worshipped Trog.
Trog was extremely pleased with you.
You were very full.

You visited 2 branches of the dungeon, and saw 18 of its levels.
You also visited: Labyrinth and Ossuary.

You collected 1132 gold pieces.

Inventory:

Hand Weapons
 T - the +8 lance "Wyrmbane" (weapon) {slay drac, rPois rF+ rC+ AC+3}
   (You found it in a labyrinth)

   It affects your AC (+3).
   It protects you from fire.
   It protects you from cold.
   It protects you from poison.
Missiles
 M - 2 silver javelins (quivered)
Armour
 z - a +0 pair of gloves (worn)
 B - a +1 hat (worn)
 J - a +0 shield (worn)
 Q - a +0 pair of boots (worn)
 W - a +2 cloak of poison resistance (worn)
 Y - the +4 plate armour "Ogiupsick" (worn) {Str+5}
   (You found it in a labyrinth)

   It affects your strength (+5).
Jewellery
 q - a +4 ring of evasion (left hand)
 t - a +2 ring of protection (right hand)
 O - the amulet "Kujab" (around neck) {Gourm rF+ rC+ rN+ SInv}
   (You found it in a labyrinth)

   [amulet of the gourmand]

   It allows you to eat raw meat even when not hungry.
   It protects you from fire.
   It protects you from cold.
   It protects you from negative energy.
   It lets you see invisible.
Wands
 d - a wand of iceblast (4)
 j - a wand of paralysis (14)
 l - a wand of clouds (9)
 n - a wand of acid (35)
 x - a wand of digging (12)
 H - a wand of disintegration (8)
Scrolls
 a - a scroll of teleportation
 b - 2 scrolls of acquirement
 f - 3 scrolls of enchant weapon
 k - 4 scrolls of magic mapping
 m - 4 scrolls of remove curse
 o - 3 scrolls of enchant armour
 s - 3 scrolls of vulnerability
 y - 4 scrolls of blinking
 C - 2 scrolls of fog
 E - a scroll of identify
 G - a scroll of random uselessness {unknown}
 P - a scroll of immolation {unknown}
Potions
 e - 2 potions of lignification
 g - 2 potions of flight
 h - 10 potions of curing
 i - 2 potions of invisibility
 r - 2 potions of heal wounds
 v - 4 potions of brilliance
 w - 5 potions of resistance
 A - 4 potions of cancellation
 D - 3 potions of might
 F - a potion of haste
 I - 3 potions of ambrosia
 K - a potion of agility
Miscellaneous
 u - a phial of floods
Comestibles
 c - 33 rations


   Skills:
 - Level 12.3 Fighting
   Level 14.0 Maces & Flails
 - Level 12.0 Polearms
 - Level 6.4 Throwing
 * Level 12.5 Armour
 + Level 10.8 Dodging


You had 12 spell levels left.
You didn't know any spells.

Dungeon Overview and Level Annotations

Branches:
Dungeon (14/15)            Temple (0/1) D:6            Lair (4/6) D:10
 Shoals (0/4) Lair:3        Snake (0/4) Lair:3          Orc (0/2) D:9
 Vaults (0/5) D:13

Altars:
Dithmenos
Elyvilon
Fedhas
Gozag
Makhleb
Okawaru
Vehumet
Yredelemnul
Zin
The Shining One

Shops:
D:4 }   D:8 }   D:13 =

Annotations:
D:6 exclusion: statue


Innate Abilities, Weirdness & Mutations

You reflexively headbutt those who attack you in melee.
You have a pair of horns on your head.
You have large cloven feet.
You have a somewhat thin skeletal structure. (Dex +2, Stealth)
Armour fits poorly on your strangely shaped body.
Your system is resistant to poisons. (rPois)


Message History

You puncture the slime creature! The slime creature hits you!
* * * LOW HITPOINT WARNING * * *
You take 7 damage, and have 16/119 hp.
You hit the slime creature.
You kill the slime creature!
Trog accepts your kill.
You block the very large slime creature's attack.
The slime creature hits you but does no damage.
Warning x3: The slime creature can hit for high damage in melee!
The very large slime creature can hit for high damage in melee!
The very large slime creature can hit for high damage in melee!
Your shield and plate armour "Ogiupsick" prevent you from hitting the slime creature.
A very large slime creature splits.
Danger x4: large slime creature, large slime creature, slime creature x2!
You impale the slime creature!! You headbutt the slime creature.
The slime creature hits you!
* * * LOW HITPOINT WARNING * * *
You take 12 damage, and have 5/119 hp.
You feel much better. The large slime creature hits you!!
* * * LOW HITPOINT WARNING * * *
The slime creature hits you!
You die...

# #...............##...##.....#
###...............##...##.....#
..................##...##.....#
P.................##...##.....#
..................##..........#
.♣♣.P.............##..........#
≈.≈..♣#...........##...##.....#
≈≈♣♣..#........JJ..)...##.....#
♣≈≈♣♣.#........J@..)...##.....#
≈≈≈♣..#................##.....#
♣≈≈≈..#..........####..##.....#
..≈...#..........# #..##.....#
P.P..P#.###......# #..#
♣....##.# #..###.# #..#
#♣P..##.# #..# #.# ..#
##.P♣##.# #..# #.# ##......#
#..# #.#


You could see a large slime creature and 2 slime creatures.

Vanquished Creatures
  Azrael (D:12)
  A minotaur (Lab)
  8 vault guards (D:13)
  3 hydras
  Erica (D:10)
  3 two-headed ogres
  A death knight (D:14)
  The ghost of Vesto the Fighter, a novice MiFi of Okawaru (D:10)
  2 manticores
  3 ugly things (D:13)
  3 cyclopes
  Joseph (D:10)
  2 gargoyles
  A kobold demonologist (D:13)
  2 rime drakes
  6 spiny frogs
  2 komodo dragons
  A queen bee (D:12)
  5 trolls
  2 polar bears (Lair:4)
  3 meliai (D:12)
  3 hornets
  6 hippogriffs
  3 slime creatures (D:14)
  A wraith (D:9)
  3 wyverns
  2 shadows (D:13)
  3 basilisks
  18 yaks
  2 fire elementals (D:12)
  2 hungry ghosts
  A steam dragon (Lair:4)
  3 vampire mosquitoes (D:13)
  2 wargs (D:10)
  3 nagas (Lair:3)
  5 water moccasins
  A hell hound (D:12)
  8 porcupines
  6 orc warriors
  4 ice beasts
  2 sky beasts
  3 ogres
  4 black bears
  A phantom (D:7)
  8 centaurs
  6 crocodiles
  3 big kobolds
  A wyvern zombie (D:14)
  8 bullfrogs
  A gnoll sergeant (D:9)
  4 scorpions
  21 killer bees
  5 wights (D:6)
  An electric eel (Lair:2)
  5 crimson imps
  2 bullfrog zombies
  A human zombie (D:4)
  4 centaur zombies
  9 orc priests
  8 hounds
  A jelly (D:5)
  2 bullfrog skeletons
  A gnoll shaman (D:8)
  16 orc wizards
  10 worker ants
  4 iguanas
  2 hound skeletons
  3 mummies (Ossuary)
  19 gnolls
  10 adders
  2 shadow imps
  An ooze (D:3)
  4 adder zombies (Ossuary)
  2 adder skeletons
  4 worms
  2 dart slugs
  7 leopard geckos
  63 orcs
  7 giant cockroaches
  8 hobgoblins
  6 jackals
  3 quokkas
  8 bats
  5 frilled lizards
  2 gnoll zombies (Ossuary)
  5 goblins
  A goblin zombie (Ossuary)
  3 hobgoblin zombies
  2 jackal skeletons (D:7)
  22 kobolds
  3 kobold zombies (Ossuary)
  A leopard gecko skeleton (D:4)
  2 quokka skeletons
  3 quokka zombies (Ossuary)
  5 rats
  3 rat zombies (Ossuary)
  A fungus (Lair:3)
468 creatures vanquished.

Vanquished Creatures (collateral kills)
  A hydra (D:14)
  A skeletal warrior (D:14)
  A phantasmal warrior (D:14)
  A freezing wraith (D:14)
  2 kobold demonologists (D:11)
  A hell hound (D:12)
  An orc warrior (D:9)
  A bullfrog (D:11)
  An orc (D:9)
  A kobold (D:11)
11 creatures vanquished.

Vanquished Creatures (others)
  A plant (D:14)
1 creature vanquished.

Grand Total: 480 creatures vanquished

Notes
Turn   | Place    | Note
-------+----------+-------------------------------------------
     0 | D:1      | ninurtach the Minotaur Berserker began the quest for the Orb.
     0 | D:1      | Reached XP level 1. HP: 19/19 MP: 0/0
   175 | D:1      | Reached skill level 4 in Maces & Flails
   278 | D:1      | Reached XP level 2. HP: 26/26 MP: 1/1
   755 | D:2      | Reached skill level 5 in Maces & Flails
   900 | D:2      | Reached ** piety under Trog
   925 | D:2      | Reached XP level 3. HP: 30/31 MP: 2/2
  1560 | D:2      | Found an opulent altar of Gozag.
  1565 | D:2      | Found a white marble altar of Elyvilon.
  1566 | D:2      | Found a glowing silver altar of Zin.
  1566 | D:2      | Found a shadowy altar of Dithmenos.
  1609 | D:2      | Found an iron altar of Okawaru.
  1622 | D:2      | Reached XP level 4. HP: 39/39 MP: 3/3
  1775 | D:2      | Reached skill level 6 in Maces & Flails
  2594 | D:3      | Reached skill level 7 in Maces & Flails
  2594 | D:3      | Reached XP level 5. HP: 29/45 MP: 2/4
  3157 | D:4      | Reached skill level 8 in Maces & Flails
  3162 | D:4      | Reached XP level 6. HP: 51/51 MP: 3/5
  3164 | D:4      | Reached *** piety under Trog
  3205 | D:4      | Found Xoestue's Gadget Boutique.
  3286 | D:4      | Reached skill level 9 in Maces & Flails
  3409 | D:4      | Found a sand-covered staircase.
  3428 | Ossuary  | Entered an ossuary
  3612 | Ossuary  | Reached **** piety under Trog
  3672 | D:4      | Reached XP level 7. HP: 57/57 MP: 6/6
  3943 | D:4      | Found a basalt altar of Yredelemnul.
  3978 | D:5      | Entered Level 5 of the Dungeon
  4053 | D:5      | Reached skill level 10 in Maces & Flails
  4205 | D:5      | Reached skill level 5 in Fighting
  5427 | D:6      | Found a staircase to the Ecumenical Temple.
  5435 | D:6      | Reached XP level 8. HP: 71/71 MP: 7/7
  6599 | D:6      | Reached skill level 10 in Fighting
  6703 | D:6      | Found a radiant altar of Vehumet.
  7234 | D:7      | Reached XP level 9. HP: 83/85 MP: 8/8
  7674 | D:7      | Reached skill level 11 in Maces & Flails
  9096 | D:8      | Found Tydi's Gadget Shop.
  9327 | D:8      | Noticed a two-headed ogre
  9339 | D:8      | Killed a two-headed ogre
  9339 | D:8      | Reached skill level 12 in Maces & Flails
  9339 | D:8      | Reached skill level 5 in Armour
  9339 | D:8      | Reached skill level 5 in Dodging
  9791 | D:8      | Found a burning altar of Makhleb.
 10079 | D:8      | Reached XP level 10. HP: 91/93 MP: 9/9
 10638 | D:9      | Found a blossoming altar of Fedhas.
 10823 | D:9      | Found a staircase to the Orcish Mines.
 11195 | D:9      | Reached skill level 13 in Maces & Flails
 11423 | D:9      | Noticed a cyclops
 11432 | D:9      | Killed a cyclops
 11487 | D:10     | Entered Level 10 of the Dungeon
 11528 | D:10     | Paralysed by a hornet for 1 turns
 11535 | D:10     | Reached ***** piety under Trog
 11608 | D:10     | Noticed a gargoyle
 11615 | D:10     | Killed a gargoyle
 11940 | D:10     | Noticed Joseph
 11945 | D:10     | Killed Joseph
 11945 | D:10     | Reached skill level 14 in Maces & Flails
 11985 | D:10     | Noticed Vesto's ghost (novice MiFi)
 12012 | D:10     | Killed Vesto's ghost
 12396 | D:10     | Reached XP level 11. HP: 99/99 MP: 10/10
 12702 | D:10     | Found a staircase to the Lair.
 12712 | D:10     | Noticed Erica
 12716 | D:10     | Killed Erica
 13163 | D:10     | Gained mutation: Your movements are slightly less encumbered by armour. (ER -2) [potion of mutation]
 13163 | D:10     | Gained mutation: Potions are less effective at restoring your health. [potion of mutation]
 13163 | D:10     | Gained mutation: You evolve. [potion of mutation]
 13194 | Lair:1   | Entered Level 1 of the Lair of Beasts
 13194 | Lair:1   | Noticed a five-headed hydra
 13202 | Lair:1   | Killed a five-headed hydra
 13202 | Lair:1   | Reached skill level 10 in Armour
 13900 | Lair:1   | Lost mutation: You evolve. [potion of mutation]
 13900 | Lair:1   | Gained mutation: You are clumsy. (Dex -2) [potion of mutation]
 13900 | Lair:1   | Gained mutation: You are robust. (+10% HP) [potion of mutation]
 13996 | Lair:2   | Reached skill level 10 in Dodging
 14308 | Lair:2   | Lost mutation: You are clumsy. (Dex -2) [potion of mutation]
 14308 | Lair:2   | Lost mutation: Your movements are slightly less encumbered by armour. (ER -2) [potion of mutation]
 14308 | Lair:2   | Lost mutation: You are robust. (+10% HP) [potion of mutation]
 14308 | Lair:2   | Lost mutation: Potions are less effective at restoring your health. [potion of mutation]
 14308 | Lair:2   | Gained mutation: Your spells are a little harder to cast, but a little more powerful. [potion of mutation]
 14313 | Lair:2   | Reached skill level 1 in Throwing
 14314 | Lair:2   | Lost mutation: Your spells are a little harder to cast, but a little more powerful. [potion of mutation]
 14314 | Lair:2   | Gained mutation: Your mind is acute. (Int +2) [potion of mutation]
 14314 | Lair:2   | Gained mutation: You are clumsy. (Dex -2) [potion of mutation]
 14314 | Lair:2   | Lost mutation: You are clumsy. (Dex -2) [potion of mutation]
 15391 | Lair:3   | Noticed a four-headed hydra
 15400 | Lair:3   | Killed a four-headed hydra
 15400 | Lair:3   | Reached XP level 12. HP: 85/110 MP: 8/11
 16249 | Lair:3   | Noticed a five-headed hydra
 16255 | Lair:3   | Killed a five-headed hydra
 16256 | Lair:3   | Found a staircase to the Shoals.
 16266 | Lair:3   | Reached skill level 5 in Throwing
 16379 | Lair:3   | Found a staircase to the Snake Pit.
 17245 | Lair:4   | Lost mutation: Your mind is acute. (Int +2) [potion of mutation]
 17245 | Lair:4   | Gained mutation: You are dopey. (Int -2) [potion of mutation]
 17245 | Lair:4   | Gained mutation: You have large cloven feet. [potion of mutation]
 17732 | D:11     | Found a labyrinth entrance.
 17761 | Lab      | Entered a labyrinth
 17869 | Lab      | Noticed a minotaur
 17872 | Lab      | Killed a minotaur
 17872 | Lab      | Received a gift from Trog
 17894 | Lab      | Found the +8 lance "Wyrmbane" {slay drac, rPois rF+ rC+ AC+3}
 17894 | Lab      | Got a pitted diamond amulet
 17899 | Lab      | Got a sapphire-encrusted plate armour
 17930 | D:11     | Identified the +4 plate armour "Ogiupsick" {Str+5} (You found it in a labyrinth)
 17942 | D:11     | Identified the amulet "Kujab" {Gourm rF+ rC+ rN+ SInv} (You found it in a labyrinth)
 18049 | D:11     | Reached skill level 1 in Polearms
 18956 | D:12     | Reached skill level 5 in Polearms
 19401 | D:12     | Found a glowing golden altar of the Shining One.
 19411 | D:12     | Lost mutation: You are dopey. (Int -2) [potion of mutation]
 19411 | D:12     | Gained mutation: Armour fits poorly on your strangely shaped body. [potion of mutation]
 19411 | D:12     | Gained mutation: You have a somewhat thin skeletal structure. (Dex +2, Stealth) [potion of mutation]
 19411 | D:12     | Gained mutation: Your system is resistant to poisons. (rPois) [potion of mutation]
 19537 | D:12     | Noticed Azrael
 19548 | D:12     | Killed Azrael
 19964 | D:13     | Reached XP level 13. HP: 112/119 MP: 12/12
 20313 | D:13     | Found Zegiett's Jewellery Shoppe.
 20365 | D:13     | Received a gift from Trog
 20685 | D:13     | Reached skill level 10 in Polearms
 21194 | D:13     | Found a gate to the Vaults.
 21802 | D:13     | Identified 2 scrolls of acquirement
 22348 | D:14     | HP: 5/119 [slime creature (13)]
 22349 | D:14     | HP: 2/119 [large slime creature (22)]
 22349 | D:14     | Mangled by a slime creature

Skill      XL: |  1  2  3  4  5  6  7  8  9 10 11 12 13 |
---------------+----------------------------------------+-----
Maces & Flails | 4 5 7 8 9 10 12 14 | 14.0
Fighting       | 6 10 11 12 | 12.3
Armour         | 3 5 8 10 12 | 12.5
Dodging        | 3 5 7 10 | 10.8
Throwing       | 3 6 |  6.4
Polearms       | 9 12 | 12.0

Action                   |  1- 3 |  4- 6 |  7- 9 | 10-12 | 13-15 || total
-------------------------+-------+-------+-------+-------+-------++-------
Melee: Mace              |    84 |    90 |   119 |       |       ||   293
       Headbutt          |     9 |    33 |    45 |   162 |    81 ||   330
       Flail             |       |    83 |       |   446 |       ||   529
       Morningstar       |       |       |   155 |    87 |       ||   242
       Lance             |       |       |       |   175 |   270 ||   445
Throw: Javelin           |       |       |       |     2 |     2 ||     4
Invok: Berserk           |     1 |     3 |     1 |    10 |     1 ||    16
       Trog's Hand       |       |     2 |     3 |     6 |     3 ||    14
       Burn Spellbooks   |       |     1 |       |       |     1 ||     2
       Brothers in Arms  |       |       |     1 |     3 |     1 ||     5
  Use: Scroll            |       |     8 |     3 |     9 |     5 ||    25
       Potion            |       |     1 |     2 |     6 |     1 ||    10
  Eat: Chunk             |     1 |    12 |    13 |    44 |    11 ||    81
       Ration            |       |       |     3 |     3 |       ||     6
Armor: Animal skin       |    16 |       |       |       |       ||    16
       Chain mail        |       |    63 |   139 |    21 |       ||   223
       Plate armour      |       |       |       |   313 |    83 ||   396
Dodge: Dodged            |    78 |   108 |   159 |   380 |    73 ||   798
Block: Shield            |       |       |       |   230 |    66 ||   296
